 Dungeon Crawl Stone Soup version 0.31-a0-473-g61b50ae490 (webtiles) character file.

Game seed: 13547094698662094149

706844 Shard1697 the Ruinous (level 27, -1/166 HPs)
             Began as a Gargoyle Conjurer on Aug 5, 2023.
             Was the Champion of Vehumet.
             Killed by a royal mummy's death curse (25 damage)
             ... on level 20 of a ziggurat on Aug 6, 2023.
             The game lasted 03:26:30 (62265 turns).

Shard1697 the Ruinous (Gargoyle Conjurer)          Turns: 62265, Time: 03:26:31

Health: -1/166     AC: 53    Str: 16    XL:     27
Magic:  34/52      EV: 14    Int: 41    God:    Vehumet [******]
Gold:   7884       SH:  0    Dex: 10    Spells: 2/59 levels left

rFire   + . .        a - staff of the Sage {Int+2 Conj}
rCold   + + +        A - crystal ball of Wucad Mu {*channel}
rNeg    + + .        s - +10 scale mail of the Soft Jabberwock {Str+3 Dex+2}
rPois   ∞            q - +2 helmet
rElec   +            o - +2 cloak {Will+}
rCorr   +            k - +2 pair of gloves
SInv    .            H - +0 pair of boots "Zaffisso" {rCorr Int+5}
Will    ++++.        X - amulet of regeneration
Stlth   +            B - ring "Poptatah" {rElec Will+ rCorr MP+9 Int+3}
HPRegen 1.27/turn    m - ring "Goampuce" {rF+ rC+++ rN+ Slay+2 Stlth-}
MPRegen 0.33/turn

%: channel magic (40%)
@: flying, very slightly contaminated, slowed, studying 5 skills, very slow
A: sickness immunity, AC +20, big wings, negative energy resistance 1,
electricity resistance, torment resistance 1, petrification resistance,
iridescent scales 1, noise suppression
}: 5/15 runes: decaying, slimy, silver, abyssal, gossamer
a: Renounce Religion


You were on level 20 of a ziggurat.
You worshipped Vehumet.
Vehumet was exalted by your worship.
You visited 11 branches of the dungeon, and saw 51 of its levels.
You visited the Abyss 1 time.
You visited 1 ziggurat, and saw 20 of its levels.
You also visited: Trove, Bailey, Gauntlet and Ice Cave.

You collected 11263 gold pieces.
You spent 3379 gold pieces at shops.

Inventory:

Hand Weapons
 b - a +9 lajatang of flaming
 V - the +7 demon trident of the Revolution {freeze, *Rage rElec rC+++ rCorr}
   (You took it off a deep elf annihilator on level 3 of the Elven Halls)

   rC:        It renders you almost immune to cold.
   rElec:     It insulates you from electricity.
   *Rage:     It berserks you when you make melee attacks (+20% chance).
   rCorr:     It protects you from acid and corrosion.
Armour
 k - a +2 pair of gloves (worn)
 o - a +2 cloak of willpower (worn)
 q - a +2 helmet (worn)
 s - the +10 scale mail of the Soft Jabberwock (worn) {Str+3 Dex+2}
   (You found it on level 4 of the Dungeon)

   Str:       It affects your strength (+3).
   Dex:       It affects your dexterity (+2).
 A - the crystal ball of Wucad Mu (worn) {*channel}
   (You took it off a kobold in a bailey)

   *Channel:  It often returns the magic spent to cast spells, but lowers their
   success rate.
   It always returns the magic spent on miscasts.
 H - the +0 pair of boots "Zaffisso" (worn) {rCorr Int+5}
   (You found it in a Gauntlet)

   Int:       It affects your intelligence (+5).
   rCorr:     It protects you from acid and corrosion.
 R - the +8 pearl dragon scales "Myruggiu" {rN+ Will+}
   (You took it off a minotaur in a Gauntlet)

   rN:        It protects you from negative energy.
   Will:      It increases your willpower.
Magical Staves
 a - the staff of the Sage (weapon) {Int+2 Conj}
   (You found it on level 12 of a ziggurat)

   [staff of conjuration]

   Base accuracy: +5 Base damage: 5 Base attack delay: 1.2 This weapon's minimum
   attack delay (0.6) is reached at skill level 12.
   Int:       It affects your intelligence (+2).
   Conj:      It increases the power of your Conjurations spells.
   It falls into the 'Staves' category.
   It is a one-handed weapon.
Jewellery
 m - the ring "Goampuce" (right hand) {rF+ rC+++ rN+ Slay+2 Stlth-}
   (You found it on level 3 of the Crypt)

   [ring of positive energy]

   Slay:      It affects your accuracy & damage with ranged weapons and melee
   (+2).
   rF:        It protects you from fire.
   rC:        It renders you almost immune to cold.
   rN:        It protects you from negative energy.
   Stlth:     It makes you less stealthy.
 p - the amulet of the Barnacle {Reflect Fly Str+2 Int+3 SH+5}
   (You found it on level 5 of the Pits of Slime)

   [amulet of reflection]

   It reflects blocked missile attacks.
   Str:       It affects your strength (+2).
   Int:       It affects your intelligence (+3).
   Fly:       It grants you flight.
   SH:        It affects your SH (+5).
 v - a +6 ring of intelligence
 x - the ring "Zuqocep" {rPois Int+4 Dex-5 SInv}
   (You found it on level 17 of a ziggurat)

   [ring of see invisible]

   Int:       It affects your intelligence (+4).
   Dex:       It affects your dexterity (-5).
   rPois:     It protects you from poison.
   SInv:      It lets you see invisible.
 B - the ring "Poptatah" (left hand) {rElec Will+ rCorr MP+9 Int+3}
   (You found it on level 3 of the Elven Halls)

   [ring of resist corrosion]

   Int:       It affects your intelligence (+3).
   rElec:     It insulates you from electricity.
   MP:        It affects your magic capacity (+9).
   rCorr:     It protects you from acid and corrosion.
   Will:      It increases your willpower.
 N - the ring "Ucurub" {Fire Dex+3}
   (You found it on level 3 of the Elven Halls)

   [ring of fire]

   It enhances your fire magic.
   Dex:       It affects your dexterity (+3).
   rF:        It protects you from fire.
   rC:        It makes you vulnerable to cold.
 S - the ring of the Suburbs {Drain rF+ AC+4 Slay+4}
   (You found it on level 17 of a ziggurat)

   [ring of protection]

   AC:        It affects your AC (+4).
   Slay:      It affects your accuracy & damage with ranged weapons and melee
   (+4).
   rF:        It protects you from fire.
   Drain:     It drains your maximum health when unequipped.
 X - an amulet of regeneration (around neck)
 Z - a ring of wizardry
Talismans
 I - a talisman of death
Wands
 c - a wand of digging (35)
 f - a wand of mindburst (53)
 F - a wand of paralysis (82)
 G - a wand of light (26)
 T - a wand of roots (72)
Scrolls
 j - 25 scrolls of teleportation
 y - 6 scrolls of blinking
 C - 6 scrolls of amnesia
 E - 30 scrolls of identify
 J - a scroll of silence
 K - 11 scrolls of fog
 L - 5 scrolls of enchant armour
 M - 12 scrolls of fear
 P - 3 scrolls of summoning
 Y - 14 scrolls of revelation
Potions
 d - 8 potions of might
 e - 21 potions of curing
 g - 10 potions of brilliance
 h - 10 potions of cancellation
 i - 12 potions of mutation
 l - 9 potions of magic
 r - 17 potions of haste
 u - 12 potions of heal wounds
 w - 15 potions of enlightenment
 D - 10 potions of ambrosia
 O - 3 potions of resistance
 U - 8 potions of invisibility
 W - 3 potions of berserk rage
Miscellaneous
 t - a lightning rod (4/4)
 Q - a box of beasts


   Skills:
 - Level 15.3 Fighting
 - Level 12.0 Staves
 - Level 10.0 Armour
 - Level 15.8 Dodging
 - Level 6.0 Stealth
 - Level 16.8 Spellcasting
 - Level 25.4 Conjurations
 - Level 7.0 Hexes
 - Level 6.0 Summonings
 - Level 4.4 Translocations
 - Level 6.0 Transmutations
 - Level 22.9 Fire Magic
 - Level 15.0 Earth Magic
 - Level 10.0 Evocations
 + Level 16.0 Shapeshifting


You had 2 spell levels left.
You knew the following spells:

 Your Spells              Type           Power      Damage    Failure   Level
a - Ignition              Fire           61%        3d16      1%          8
c - Irradiate             Conj/Tmut      64%        3d33      1%          5
d - Orb of Destruction    Conj           76%        9d17      1%          7
e - Spellforged Servitor  Conj/Summ      64%        N/A       3%          7
f - Fireball              Conj/Fire      74%        3d28      1%          5
g - Starburst             Conj/Fire      74%        6d19      1%          6
h - Blink                 Tloc           100%       N/A       3%          2
t - Fire Storm            Conj/Fire      74%        8d19      7%          9
y - Lehudib's Crystal Sp  Conj/Erth      70%        10d16     3%          8

Your spell library contained the following spells:

 Spells                   Type           Power      Damage    Failure   Level
 Foxfire                  Conj/Fire      100%       2x1d9     1%          1
 Kiss of Death            Conj/Necr      100%       2d13      1%          1
 Magic Dart               Conj           100%       1d8       1%          1
 Sandblast                Erth           100%       2d20      1%          1
 Shock                    Conj/Air       100%       1d9       1%          1
 Slow                     Hex            100%       N/A       1%          1
 Momentum Strike          Conj/Tloc      100%       3d10      1%          2
 Passwall                 Tmut/Erth      73%        N/A       1%          2
 Scorch                   Fire           100%       2d9       1%          2
 Searing Ray              Conj           100%       2d8       1%          2
 Freeze                   Ice            100%       1d10      2%          1
 Summon Small Mammal      Summ           100%       N/A       2%          1
 Call Imp                 Summ           100%       N/A       2%          2
 Wereblood                Tmut           70%        N/A       2%          2
 Apportation              Tloc           100%       N/A       3%          1
 Lesser Beckoning         Tloc           100%       N/A       3%          2
 Poisonous Vapours        Pois/Air       68%        N/A       3%          2
 Sting                    Tmut/Pois      100%       1d8       4%          1
 Necrotise                Necr           100%       1d9       9%          1
 Dazzling Flash           Conj/Hex       100%       N/A       1%          3
 Hailstorm                Conj/Ice       100%       3d20      1%          3
 Ignite Poison            Fire/Tmut/Pois 85%        N/A       1%          3
 Inner Flame              Hex/Fire       100%       N/A       1%          3
 Mephitic Cloud           Conj/Pois/Air  100%       N/A       1%          3
 Stone Arrow              Conj/Erth      100%       3d13      1%          3
 Volatile Blastmotes      Fire/Tloc      100%       2d18      1%          3
 Flame Wave               Conj/Fire      100%       2d21      1%          4
 Fulminant Prism          Conj/Hex       64%        3d26      1%          4
 Iskenderun's Mystic Bla  Conj/Tloc      100%       2d19      1%          4
 Sticky Flame             Conj/Fire      100%       2d11      1%          4
 Arcjolt                  Conj/Air       59%        1d69      1%          5
 Iskenderun's Battlesphe  Conj           100%       2d15      1%          5
 Leda's Unmaking          Conj/Erth      70%        9d11      1%          6
 Leda's Liquefaction      Hex/Erth       45%        N/A       2%          4
 Petrify                  Tmut/Erth      88%        N/A       2%          4
 Freezing Cloud           Conj/Ice/Air   51%        6-21      2%          5
 Conjure Ball Lightning   Conj/Air       59%        3x3d21    2%          6
 Confusing Touch          Hex            75%        N/A       3%          3
 Tukima's Dance           Hex            75%        N/A       3%          3
 Yara's Violent Unravell  Hex/Tmut       36%        3d15      3%          5
 Plasma Beam              Fire/Air       45%        2x1d60    3%          6
 Portal Projectile        Hex/Tloc       100%       N/A       4%          3
 Frozen Ramparts          Ice            68%        1d11      5%          3
 Gell's Gravitas          Tloc           63%        N/A       5%          3
 Teleport Other           Tloc           63%        N/A       5%          3
 Cause Fear               Hex            37%        N/A       6%          4
 Vhi's Electric Charge    Tloc/Air       100%       N/A       10%         3
 Manifold Assault         Tloc           63%        N/A       12%         4
 Passage of Golubria      Tloc           63%        N/A       12%         4
 Olgreb's Toxic Radiance  Pois           34%        N/A       13%         4
 Summon Mana Viper        Hex/Summ       73%        N/A       13%         5
 Anguish                  Hex/Necr       29%        N/A       16%         4
 Vampiric Draining        Necr           34%        2d8       19%         3
 Summon Ice Beast         Ice/Summ       56%        N/A       19%         4
 Summon Forest            Summ/Tloc      33%        N/A       21%         5
 Metabolic Englaciation   Hex/Ice        29%        N/A       34%         5
 Silence                  Hex/Air        29%        N/A       34%         5
 Alistair's Intoxication  Tmut/Pois      37%        N/A       38%         5
 Eringya's Noxious Bog    Tmut/Pois      28%        4d6       41%         6
 Animate Dead             Necr           34%        N/A       43%         4
 Dispel Undead            Necr           34%        3d15      43%         4
 Summon Cactus Giant      Summ           35%        N/A       52%         6
 Dispersal                Tloc           31%        N/A       71%         6
 Agony                    Necr           34%        N/A       75%         5
 Shatter                  Erth           51%        3d39*     83%         9
 Enfeeble                 Hex            37%        N/A       88%         7
 Monstrous Menagerie      Summ           35%        N/A       95%         7
 Summon Hydra             Summ           35%        N/A       95%         7
 Malign Gateway           Summ/Tloc      33%        N/A       98%         7
 Chain Lightning          Conj/Air       59%        3d78      98%         9
 Death Channel            Necr           17%        N/A       99%         6
 Simulacrum               Ice/Necr       17%        N/A       99%         6
 Ozocubu's Refrigeration  Ice            17%        4d11      99%         7
 Haunt                    Necr/Summ      28%        N/A       100%        7
 Borgnjor's Revivificati  Necr           17%        N/A       100%        8
 Discord                  Hex            37%        N/A       100%        8
 Disjunction              Tloc           31%        N/A       100%        8
 Infestation              Necr           17%        N/A       100%        8
 Maxwell's Capacitive Co  Air            17%        ∞         100%        8
 Summon Horrible Things   Summ           35%        N/A       100%        8
 Death's Door             Necr           17%        N/A       100%        9
 Dragon's Call            Summ           35%        N/A       100%        9
 Polar Vortex             Ice            17%        12d2*     100%        9
 Cigotuvi's Dreadful Rot  Necr/Pois/Air  Unusable   N/A       N/A         2
 Sublimation of Blood     Necr           Unusable   N/A       N/A         2

Dungeon Overview and Level Annotations

Branches:
Dungeon (15/15)            Temple (1/1) D:5            Lair (5/5) D:11
  Swamp (4/4) Lair:3       Spider (4/4) Lair:3        Slime (5/5) Lair:5
    Orc (2/2) D:11            Elf (3/3) Orc:2        Vaults (5/5) D:14
  Crypt (3/3) Vaults:2       Tomb (0/3) Crypt:3      Depths (4/4) D:15
    Zot (0/5) Depths:4     Bailey (visited)           IceCv (visited)
Gauntlet (visited)

Altars:
Ashenzari
Cheibriados
Dithmenos
Elyvilon
Fedhas
Gozag
Hepliaklqana
Kikubaaqudgha
Makhleb
Nemelex Xobeh
Okawaru
Qazlal
Ru
Sif Muna
Trog
Uskayaw
Vehumet
Wu Jian
Xom
Yredelemnul
Zin
The Shining One

Shops:
D:1 ??:*   D:9 =   D:14 *   D:15 *   Orc:2 :([*   Elf:3 :   Vaults:1 :
Vaults:5 :[   Depths:4 ::==

Portals:
Hell: Depths:1 Depths:2 Depths:3 Depths:4
Abyss: D:6 Depths:1 Depths:3
Pandemonium: Depths:2 Depths:4

Annotations:
D:6 2 transporters, Heh's ghost, novice OpSh
D:15 pokeman's ghost, journeyman DEHW
Lair:2 2 transporters, Osoi's ghost, journeyman DsFi
Spider:3 2 transporters, Tueseddi's ghost, adept OpCj
Elf:1 6 runed translucent doors
Elf:2 3 runed translucent doors
Elf:3 2 runed translucent doors, RepHenryClay's ghost, veteran GrDe
Crypt:2 2 transporters


Innate Abilities, Weirdness & Mutations

You are immune to sickness and miasma.
Your stone body is resilient. (AC +20)
You are immune to poison.
Your large and strong wings let you fly.
You resist negative energy. (rN+)
You are resistant to electric shocks. (rElec)
You are resistant to unholy torment.
You are immune to petrification.
You are partially covered in iridescent scales. (AC +2)
You passively dampen the noise of your surroundings.


Message History

Vehumet accepts your kill.
You feel your power returning.
You feel extremely nervous for a moment...
You feel homesick.
The royal mummy calls on the powers of darkness!
Your body is wracked with pain!
* * * LOW HITPOINT WARNING * * *
Your life force feels restored.
Your Shapeshifting skill increases to level 16!
Casting: Fire Storm (dangerous; 7% risk of failure)
Confirm with . or Enter, or press ? or * to list all spells.
Aiming: Fire Storm (dangerous; 7% risk of failure)
Press: ? - help, Dir - move target You feel a surge of power!
A raging storm of fire appears!
The great blast of fire engulfs the royal mummy!!!!
The royal mummy is severely damaged.
The great blast of fire engulfs the death scarab!!!!
You destroy the death scarab!
The death scarab's corpse disappears in a puff of smoke!
Vehumet accepts your kill.
You feel a bit more experienced.
You feel extremely nervous for a moment...
You sense a malignant aura.
The royal mummy is engulfed in blazing flames.
The royal mummy mumbles some strange words.
Send 'em back where they came from!
Your spellforged servitor disappears in a puff of smoke!
Your fire vortex barely misses something.
Casting: Fire Storm (dangerous; 7% risk of failure)
Confirm with . or Enter, or press ? or * to list all spells.
Aiming: Fire Storm (dangerous; 7% risk of failure)
Press: ? - help, Dir - move target You feel a surge of power!
A raging storm of fire appears!
The great blast of fire engulfs the royal mummy!!!!
You destroy the royal mummy!
Vehumet accepts your kill.
You feel your power returning. Magical energy flows into your mind!
You feel extremely nervous for a moment...
Pain shoots through your body!!
You die...

8.889........88.88.....▓
8v8^..§..°v°v○8.8^.....▓▓
B.M..B...○○vvv..........▓
........§○vvv°..........▓
§§M..v...vv☼vv..........▓
.n.§......vvv○..........▓▓
○M.§.v...v............∩..▓
.........v°○○v..........▓▓
..v.B....°°v°...@.......▓
z.B.....................▓
.vv.....................▓
8.8^.........^8.8^.....▓▓
8.88.........88.88.....▓
...M..................▓▓
.......88.88....▓
.......^8.8^...▓▓


You could see 19 friendly fire vortices.

Vanquished Creatures
  the Royal Jelly (Slime:5)
  3 ancient liches
  A pandemonium lord (Zig:9)
  A dread lich (Crypt:3)
  4 juggernauts
  Mennas (Vaults:2)
  7 royal mummies
  6 shard shrikes (Zig:19)
  Saint Roka (Elf:3)
  5 caustic shrikes (Depths:4)
  Xtahua (Vaults:4)
  3 golden dragons
  Nikola (Vaults:2)
  Jory (Vaults:4)
  A bone dragon (Crypt:3)
  2 iron giants (Zig:12)
  A Tzitzimitl (Depths:2)
  A doom hound (Depths:4)
  3 Ice Fiends (Zig:19)
  8 tentacled monstrosities
  4 Hell Sentinels
  4 liches
  Grunn (Depths:4)
  2 quicksilver dragons
  3 deep elf blademasters
  3 titans
  3 deep elf master archers (Elf:3)
  17 acid blobs
  5 sphinxes
  Frances (Elf:1)
  2 ancient champions
  5 tentacled starspawn
  6 tengu reavers
  10 azure jellies
  5 thorn hunters
  A demonspawn warmonger (Zig:9)
  5 shadow dragons
  6 storm dragons
  4 draconian monks (Zig:18)
  2 revenants
  8 rockslimes
  3 nagarajas (Zig:16)
  8 frost giants
  A fenstrider witch (Swamp:1)
  4 fire giants
  3 ghost moths (Spider:4)
  7 draconian knights
  A nargun (Zig:5)
  9 deep elf sorcerers
  4 emperor scorpions
  7 deep elf elementalists
  2 spectral caustic shrikes (Depths:2)
  3 quicksilver elementals (Zig:12)
  A caustic shrike zombie (Crypt:3)
  3 draconian scorchers (Zig:18)
  A curse skull (Crypt:1)
  3 spectral juggernauts (Depths:2)
  6 iron dragons
  2 cacodemons
  3 draconian shifters (Zig:18)
  6 ghouls
  16 vault wardens
  Louise (Elf:3)
  4 orc warlords
  2 reapers
  7 formless jellyfish
  2 spriggan defenders
  4 draconian annihilators (Zig:18)
  6 draconian stormcallers
  A broodmother (Spider:4)
  A demonspawn blood saint (Zig:9)
  6 war gargoyles
  The ghost of Gesaczie the Severer, a journeyman MiFi of Ru (Lair:3)
  3 ironbound thunderhulks
  19 ironbound preservers
  6 eleionomae
  11 quicksilver oozes
  14 very ugly things
  20 stone giants
  10 vampire knights
  7 deep elf demonologists
  5 black draconians
  12 dire elephants
  3 spectral titans (Depths:2)
  2 yellow draconians
  A lorocyproca (Abyss:3)
  2 purple draconians (Zig:18)
  3 green draconians (Zig:18)
  7 bunyips
  18 deep elf annihilators
  A minotaur (shapeshifter) (Vaults:5)
  A minotaur (Gauntlet)
  2 white draconians
  3 wendigos (Zig:5)
  3 red draconians
  A demonspawn black sun (Zig:9)
  5 eidola
  6 blizzard demons (Zig:19)
  10 spark wasps
  6 mummy priests
  14 crystal guardians
  3 green deaths (Zig:17)
  11 ettins
  7 shambling mangroves
  A merfolk javelineer (Zig:13)
  Josephine (Lair:3)
  An acid blob zombie (Crypt:2)
  2 iron golems (Zig:12)
  13 deep elf death magi
  4 merfolk impalers (Zig:13)
  A jiangshi (Zig:7)
  8 entropy weavers
  3 fire dragons
  18 yaktaur captains
  A fire dragon (shapeshifter) (Vaults:5)
  13 deep elf high priests
  3 spectral spriggans (Depths:2)
  3 spectral golden dragons (Depths:2)
  9 salamander tyrants (Zig:16)
  The ghost of experimilk the Brawler, a journeyman TrGl of Hepliaklqana (D:10)
  A great orb of eyes (shapeshifter) (Depths:4)
  The ghost of bahustanut the Fighter, a novice OgFi of Gozag (D:10)
  2 spectral shadow dragons (Depths:2)
  A spectral tengu (Depths:2)
  10 great orbs of eyes
  4 juggernaut simulacra
  6 spriggan air magi
  3 rakshasas (Depths:1)
  2 caustic shrike simulacra (Depths:2)
  2 jorogumos
  2 ice dragons
  2 anacondas (Zig:16)
  5 ogre magi
  2 peacekeepers (Vaults:4)
  27 hydras
  4 ghost crabs
  36 vault guards
  Erica (D:7)
  An anaconda (shapeshifter) (Elf:2)
  22 centaur warriors
  4 radroaches
  3 boulder beetles
  7 two-headed ogres
  A merfolk avatar (Zig:13)
  9 alligators
  3 spectral frost giants (Depths:2)
  2 merfolk aquamancers
  A satyr (Zig:13)
  7 deep troll shamans
  9 ironbound frosthearts
  2 death knights
  A catoblepas (D:15)
  A spriggan skeleton (Crypt:3)
  A naga warrior (Zig:16)
  2 spectral fire giants (Depths:2)
  8 tengu warriors
  3 demonic crawlers (Spider:2)
  2 hell hogs (Abyss:3)
  A shock serpent (Zig:16)
  3 death scarabs
  10 death yaks
  26 dancing weapons
  5 thrashing horrors (Abyss:3)
  10 orc high priests
  8 vampire magi
  6 deep troll earth magi
  Sonja (Lair:5)
  Urug (Lair:1)
  7 soul eaters
  25 deep elf knights
  2 naga sharpshooters (Zig:16)
  17 hell knights
  3 spriggan berserkers (Depths:4)
  A titan skeleton (Zig:20)
  2 shadow wraiths
  A spectral spark wasp (Depths:2)
  3 spectral storm dragons (Depths:2)
  A goliath frog (shapeshifter) (Depths:4)
  5 wretched stars (Abyss:3)
  2 crystal echidnas (Zig:12)
  An anaconda zombie (Crypt:3)
  8 pharaoh ants
  The ghost of jasper the Skirmisher, a novice SpSh of Okawaru (D:10)
  A cherub (Abyss:3)
  7 iron trolls
  5 death drakes
  2 sun moths
  A death drake (shapeshifter) (Elf:2)
  6 goliath frogs
  A sixfirhy (Abyss:3)
  5 spriggan druids
  2 sea snakes (Zig:13)
  28 skeletal warriors
  2 flayed ghosts
  16 deep elf archers
  A golden dragon zombie (Crypt:3)
  11 glowing orange brains
  2 shadow demons
  21 swamp dragons
  38 deep trolls
  7 orb spiders
  10 steelbarb worms
  11 necromancers
  A swamp dragon (shapeshifter) (Depths:2)
  4 obsidian statues
  6 wizards
  10 bog bodies
  2 orb spiders (shapeshifter)
  2 naga ritualists (Zig:16)
  12 phantasmal warriors
  A lindwurm (Vaults:2)
  6 orange crystal statues
  2 harpies (Vaults:2)
  3 orc sorcerers
  6 will-o-the-wisps
  27 deep elf pyromancers
  22 ironbound convokers
  2 sphinx zombies (Zig:20)
  27 ugly things
  19 deep elf zephyrmancers
  6 cyclopes
  14 orc knights
  A salamander (Zig:16)
  A spectral ettin (Depths:2)
  26 wolf spiders
  2 oklob plants (Swamp:3)
  A shadow dragon skeleton (Crypt:3)
  A stone giant zombie (Crypt:1)
  A frost giant skeleton (Crypt:1)
  3 fauns (Zig:13)
  4 manticores
  8 shining eyes
  3 worldbinders
  A centaur zombie (Crypt:3)
  A naga zombie (Crypt:3)
  8 moths of wrath
  26 vault sentinels
  19 elephants
  A guardian serpent (shapeshifter) (Elf:2)
  A fire giant skeleton (Zig:6)
  A merfolk siren (Zig:13)
  4 guardian serpents
  A human skeleton (Vaults:1)
  A stone giant skeleton (Crypt:2)
  4 water nymphs
  4 apocalypse crabs
  3 smoke demons
  22 black mambas
  6 ice statues
  A titan simulacrum (Depths:2)
  2 gargoyles
  3 eyes of devastation
  6 torpor snails
  3 storm dragon simulacra (Depths:2)
  2 spectral iron trolls (Crypt:2)
  A cane toad (shapeshifter) (D:13)
  An orange demon (Abyss:3)
  A rime drake (shapeshifter) (Depths:1)
  2 unseen horrors
  14 cane toads
  19 rime drakes
  7 komodo dragons
  A tormentor (Zig:5)
  A white draconian skeleton (Crypt:1)
  4 hellions
  5 freezing wraiths
  An iron troll zombie (Crypt:1)
  2 golden dragon simulacra
  A harpy zombie (Crypt:3)
  24 yaktaurs
  6 ice devils
  4 tengu conjurers
  A bloated husk (Swamp:3)
  3 efreet
  A black draconian skeleton (Crypt:2)
  4 red devils (Elf:2)
  8 trolls
  A silent spectre (Abyss:3)
  2 spectral deep trolls (Crypt:2)
  18 guardian mummies
  7 ancient zymes (Abyss:3)
  A queen bee (D:15)
  10 merfolk (Zig:13)
  A harpy skeleton (Crypt:3)
  7 polar bears
  A hellwing (Zig:9)
  2 sphinx simulacra
  26 hornets
  2 tengu simulacra (Depths:2)
  A meliai (D:15)
  2 wind drakes (Zig:13)
  2 iron dragon simulacra (Depths:2)
  3 shadow dragon simulacra (Depths:2)
  25 tarantellas
  25 blink frogs
  A mana viper skeleton (Crypt:1)
  A jumping spider zombie (Crypt:2)
  An ettin zombie (Crypt:1)
  A fire dragon zombie (Crypt:3)
  4 snapping turtles (Zig:13)
  A dream sheep (shapeshifter) (Vaults:5)
  15 raiju (Abyss:3)
  8 tyrant leeches
  A snapping turtle (shapeshifter) (Zig:8)
  32 culicivoras
  Sigmund (D:2)
  133 slime creatures
  2 ettin skeletons
  50 flying skulls
  A vampire (D:11)
  A black mamba zombie (Crypt:1)
  A satyr zombie (Crypt:2)
  A shadow (D:12)
  27 jumping spiders
  17 wyverns
  4 ynoxinuls
  13 spriggans
  A spriggan (shapeshifter) (Vaults:5)
  11 water elementals
  4 ushabtiu (Zig:20)
  11 wraiths
  A black mamba skeleton (Crypt:3)
  3 air elementals
  A fire elemental (Elf:1)
  74 yaks
  Eustachio (D:4)
  6 golden eyes
  2 basilisks
  14 starcursed masses
  A human (D:14)
  2 chaos spawn (Abyss:3)
  50 redbacks
  4 neqoxecs (Abyss:3)
  14 vampire mosquitoes
  Menkaure (D:5)
  4 steam dragons
  Edmund (D:5)
  A warg (shapeshifter) (Zig:10)
  5 acid dragons
  A water nymph zombie (Crypt:2)
  15 swamp worms
  12 wargs
  A glowing shapeshifter zombie (Zig:20)
  An acid dragon (shapeshifter) (D:15)
  3 nagas (Zig:16)
  14 large abominations
  20 water moccasins
  A floating eye (Depths:2)
  A glowing shapeshifter skeleton (Vaults:1)
  A black bear (D:7)
  46 orc warriors
  A black bear (shapeshifter) (D:13)
  11 swamp drakes
  12 ogres
  26 wolves
  A human zombie (Vaults:1)
  4 ice beasts
  A tengu (shapeshifter) (Elf:2)
  A black mamba simulacrum (Lair:3)
  A boulder beetle simulacrum (Lair:3)
  4 centaurs
  8 boggarts
  7 small abominations (Abyss:3)
  2 phantoms
  A kobold brigand (D:7)
  10 bullfrogs
  A gnoll sergeant (D:9)
  An earth elemental (Zig:8)
  5 necrophages
  A glowing shapeshifter simulacrum (Depths:2)
  2 scorpions
  A yaktaur skeleton (Crypt:2)
  8 wights
  A dream sheep simulacrum (Lair:3)
  A human simulacrum (Vaults:1)
  16 killer bees
  2 rime drake simulacra (Lair:3)
  2 vampire bats (D:10)
  7 electric eels
  6 howler monkeys
  4 crimson imps (Gauntlet)
  A komodo dragon simulacrum (Lair:3)
  A fire crab simulacrum (Lair:3)
  35 orc priests
  A jelly (D:5)
  A quasit (Abyss:3)
  Crazy Yiuf (D:2)
  8 hounds
  2 iguanas (D:5)
  2 iron imps
  3 sleepcaps
  4 gnoll boudas
  31 orc wizards
  A polar bear simulacrum (Lair:3)
  A killer bee zombie (Crypt:1)
  An ice beast zombie (Crypt:2)
  Robin (D:2)
  12 mummies
  4 adders
  18 gnolls
  A shadow imp (D:7)
  5 white imps
  5 ufetubi
  2 worms (D:3)
  2 dart slugs
  125 orcs
  3 endoplasms
  A giant cockroach (D:2)
  18 goblins
  14 hobgoblins
  22 kobolds
  5 ball pythons
  12 bats
  4 frilled lizards
  8 rats
  6 starspawn tentacles (Abyss:3)
2845 creatures vanquished.

Vanquished Creatures (collateral kills)
  A juggernaut (Zig:15)
  A royal mummy (Zig:20)
  A golden dragon (Vaults:4)
  A doom hound (Depths:4)
  A Hell Sentinel (Zig:12)
  A lich (Abyss:3)
  2 acid blobs (Slime:5)
  A nagaraja (Zig:16)
  A draconian scorcher (Zig:18)
  An angel (Abyss:3)
  A stone giant (Zig:15)
  A very ugly thing (Depths:4)
  2 ophanim (Abyss:3)
  A war gargoyle (Crypt:3)
  An eleionoma (Zig:17)
  A deep elf demonologist (Zig:11)
  A black draconian (Depths:4)
  A red draconian (Zig:3)
  An ice dragon (Zig:19)
  A hydra (Zig:1)
  A dancing weapon (Abyss:3)
  A naga warrior (Zig:16)
  A deep troll shaman (Crypt:2)
  3 thrashing horrors (Abyss:3)
  A hell knight (Crypt:3)
  2 naga sharpshooters (Zig:16)
  3 wretched stars (Abyss:3)
  A sixfirhy (Abyss:3)
  2 iron trolls
  A flayed ghost (Crypt:2)
  A spatial maelstrom (Abyss:4)
  A cherub (Abyss:3)
  A tengu zombie (Zig:20)
  An obsidian statue (Zig:1)
  A starcursed mass (Abyss:3)
  An orc sorcerer (Zig:15)
  A moth of wrath (Zig:15)
  3 smoke demons (Abyss:3)
  An orange demon (Abyss:3)
  An apocalypse crab (Abyss:3)
  A hellion (Abyss:3)
  An alligator snapping turtle zombie (Crypt:2)
  A guardian mummy (Zig:20)
  2 raiju (Abyss:3)
  2 large abominations (Abyss:3)
  3 flying skulls (Crypt:3)
  A wraith (Abyss:3)
  4 slime creatures (Slime:4)
  2 water elementals
  A golden eye (Abyss:3)
  A chaos spawn (Abyss:3)
  A spatial vortex (Abyss:4)
  2 orc warriors (Zig:15)
  An ogre (Zig:15)
  3 small abominations (Abyss:3)
  An orc priest (Zig:15)
  An iron imp (Abyss:3)
  An orc wizard (Zig:15)
  2 mummies (Zig:20)
  An ufetubus (Abyss:3)
  A starspawn tentacle (Abyss:3)
83 creatures vanquished.

Vanquished Creatures (others)
  A fire giant (Vaults:5)
  A deep elf knight (Elf:1)
  A deep elf zephyrmancer (Elf:1)
  A smoke demon (Abyss:3)
  A small abomination (Abyss:3)
  3 orcs (Elf:1)
  A butterfly (D:9)
  375 fire vortices
  20 foxfires
  59 fulminant prisms
  5 starspawn tentacles (Abyss:3)
468 creatures vanquished.

Grand Total: 3396 creatures vanquished

Notes
Turn   | Place    | Note
-------+----------+-------------------------------------------
     0 | D:1      | Shard1697 the Gargoyle Conjurer began the quest for the
                  | Orb.
     0 | D:1      | Reached XP level 1. HP: 10/10 MP: 3/3
     3 | D:1      | Found Gyxzuc's Magic Scroll Shoppe.
   202 | D:1      | Reached XP level 2. HP: 15/15 MP: 0/5
   258 | D:1      | Learned a level 2 spell: Searing Ray
   391 | D:1      | Found Poeriegh's Book Emporium.
   394 | D:1      | Found Urgheziyf's Magic Scroll Shoppe.
   550 | D:1      | Reached skill level 5 in Conjurations
   753 | D:1      | Bought a scroll of identify for 22 gold pieces
   771 | D:1      | Found Tanwynia's General Store.
   786 | D:1      | Reached XP level 3. HP: 19/19 MP: 4/6
  1231 | D:2      | Identified the +1 leather armour of Geegooz {rN+}
  1249 | D:2      | Learned a level 3 spell: Dazzling Flash
  1374 | D:2      | Noticed Sigmund
  1384 | D:2      | Killed Sigmund
  1385 | D:2      | Reached skill level 6 in Conjurations
  1385 | D:2      | Reached XP level 4. HP: 19/24 MP: 1/8
  1385 | D:2      | Reached XP level 5. HP: 23/28 MP: 1/9
  1460 | D:2      | Noticed Robin
  1478 | D:2      | Killed Robin
  1771 | D:2      | Reached XP level 6. HP: 32/32 MP: 8/10
  1964 | D:2      | Found a runed translucent door.
  1965 | D:2      | Noticed Crazy Yiuf
  1973 | D:2      | Killed Crazy Yiuf
  2560 | D:3      | Found a faded altar of an unknown god.
  2673 | D:3      | Found a blossoming altar of Fedhas.
  3100 | D:1      | Bought 2 scrolls of identify for 44 gold pieces
  3100 | D:1      | Bought a scroll of enchant weapon for 82 gold pieces
  3161 | D:4      | Found a glowing silver altar of Zin.
  3163 | D:4      | Noticed Eustachio
  3177 | D:4      | Killed Eustachio
  3178 | D:4      | Reached XP level 7. HP: 36/36 MP: 1/12
  3184 | D:4      | Learned a level 4 spell: Fulminant Prism
  3317 | D:4      | Found a shadowy altar of Dithmenos.
  3347 | D:4      | Reached skill level 7 in Conjurations
  3536 | D:4      | Identified the +10 scale mail of the Soft Jabberwock {Str+3
                  | Dex+2}
  3838 | D:5      | Entered Level 5 of the Dungeon
  4045 | D:5      | Found a staircase to the Ecumenical Temple.
  4054 | Temple   | Entered the Ecumenical Temple
  4073 | Temple   | Became a worshipper of Vehumet
  4292 | D:5      | Noticed Menkaure
  4302 | D:5      | Killed Menkaure
  4384 | D:5      | Learned a level 4 spell: Iskenderun's Mystic Blast
  4556 | D:5      | Reached XP level 8. HP: 41/41 MP: 10/14
  4709 | D:5      | Reached * piety under Vehumet
  4709 | D:5      | Offered knowledge of Freeze by Vehumet.
  4721 | D:5      | Noticed Edmund
  4740 | D:5      | Killed Edmund
  4741 | D:5      | Reached skill level 8 in Conjurations
  4910 | D:1      | Bought a scroll of amnesia for 44 gold pieces
  5155 | D:5      | Reached skill level 5 in Hexes
  5368 | D:6      | Found a transporter.
  5378 | D:6      | Noticed a rakshasa
  5380 | D:6      | Noticed Heh's ghost (novice OpSh)
  5417 | D:6      | Found a transporter.
  5417 | D:6      | Found a one-way gate to the infinite horrors of the Abyss.
  5771 | D:6      | Reached skill level 9 in Conjurations
  5778 | D:6      | Reached XP level 9. HP: 45/45 MP: 9/16
  5779 | D:6      | Reached skill level 5 in Spellcasting
  5839 | D:6      | Found an iron altar of Okawaru.
  5992 | D:7      | Offered knowledge of Momentum Strike by Vehumet.
  6003 | D:7      | Reached ** piety under Vehumet
  6026 | D:7      | Found a shimmering blue altar of Sif Muna.
  6059 | D:7      | Found a flagged portal.
  6098 | Bailey   | Entered a bailey
  6495 | Bailey   | Identified the +3 war axe of the Dragonfly {heavy, Fly
                  | rElec Str+3 Dex+3}
  6577 | Bailey   | Reached skill level 10 in Conjurations
  6712 | Bailey   | Learned a level 6 spell: Starburst
  6812 | D:7      | Offered knowledge of Inner Flame by Vehumet.
  7284 | D:7      | Reached *** piety under Vehumet
  7285 | D:7      | Reached skill level 11 in Conjurations
  7294 | D:7      | Reached XP level 10. HP: 44/50 MP: 13/19
  7727 | D:8      | Offered knowledge of Frozen Ramparts by Vehumet.
  7740 | D:8      | Reached skill level 1 in Fighting
  7799 | D:8      | Noticed Erica
  7819 | D:7      | Killed Erica
  7887 | D:8      | Reached skill level 12 in Conjurations
  8290 | D:8      | Reached skill level 5 in Fighting
  8329 | D:8      | Reached **** piety under Vehumet
  8331 | D:8      | Reached XP level 11. HP: 63/63 MP: 15/20
  8414 | D:8      | Offered knowledge of Olgreb's Toxic Radiance by Vehumet.
  8641 | D:8      | Found a sacrificial altar of Ru.
  8827 | D:9      | Reached skill level 5 in Fire Magic
  9028 | D:9      | Found Moali's Jewellery Emporium.
  9191 | D:9      | Found a glowing golden altar of the Shining One.
  9341 | D:9      | Found a white marble altar of Elyvilon.
  9886 | D:10     | Entered Level 10 of the Dungeon
  9893 | D:10     | Reached skill level 13 in Conjurations
  9897 | D:10     | Reached ***** piety under Vehumet
  9899 | D:10     | Offered knowledge of Iskenderun's Battlesphere by Vehumet.
  9904 | D:10     | HP: 1/65 [acid dragon/splash of acid (14)]
 10482 | D:10     | Found a snail-covered altar of Cheibriados.
 10943 | D:10     | Found a runed translucent gate.
 10945 | D:10     | Found a runed translucent gate.
 10947 | D:10     | Found a runed translucent gate.
 10949 | D:10     | Noticed jasper's ghost (novice SpSh)
 10949 | D:10     | Noticed experimilk's ghost (journeyman TrGl)
 10950 | D:10     | Noticed bahustanut's ghost (novice OgFi)
 10992 | D:10     | Found a shimmering altar of Xom.
 10994 | D:10     | Found a sparkling altar of Nemelex Xobeh.
 10994 | D:10     | Found a glowing golden altar of the Shining One.
 10996 | D:10     | Found a bloodstained altar of Trog.
 10996 | D:10     | Found a shimmering blue altar of Sif Muna.
 10996 | D:10     | Found a sacrificial altar of Ru.
 11143 | D:10     | Killed jasper's ghost
 11152 | D:10     | Killed bahustanut's ghost
 11165 | D:10     | Killed experimilk's ghost
 11166 | D:10     | Reached XP level 12. HP: 55/73 MP: 15/21
 11240 | D:10     | Identified the +1 pair of boots "Hobro" {+Blink +Inv rC-
                  | Will++}
 11451 | D:11     | Reached skill level 14 in Conjurations
 11754 | D:11     | Found a staircase to the Orcish Mines.
 11761 | D:11     | Found a staircase to the Lair.
 12011 | Lair:1   | Entered Level 1 of the Lair of Beasts
 12326 | Lair:1   | Noticed a boulder beetle
 12375 | Lair:1   | Killed a boulder beetle
 13154 | Lair:1   | Reached skill level 10 in Fighting
 13167 | Lair:1   | Reached skill level 15 in Conjurations
 13255 | Lair:1   | Noticed Urug
 13268 | Lair:1   | Killed Urug
 13269 | Lair:1   | Reached skill level 1 in Armour
 13269 | Lair:1   | Reached XP level 13. HP: 77/82 MP: 14/23
 13814 | Lair:2   | Offered knowledge of Fireball by Vehumet.
 13832 | Lair:1   | Learned a level 5 spell: Fireball
 13946 | Lair:2   | Identified the +9 short sword of Intuition {freeze, *Rage
                  | Fly Will- Str+5}
 13975 | Lair:2   | Found a transporter.
 13989 | Lair:2   | Noticed Osoi's ghost (journeyman DsFi)
 13999 | Lair:2   | Found a transporter.
 14534 | Lair:2   | Reached skill level 1 in Staves
 14540 | Lair:2   | Reached skill level 10 in Fire Magic
 14540 | Lair:2   | Reached skill level 1 in Evocations
 15188 | Lair:3   | Noticed Josephine
 15195 | Lair:3   | Killed Josephine
 15443 | Lair:3   | Found a hole to the Spider Nest.
 15619 | Lair:3   | Found a runed translucent gate.
 15619 | Lair:3   | Found a runed translucent gate.
 15619 | Lair:3   | Found a runed translucent gate.
 15680 | Lair:3   | Noticed Gesaczie's ghost (journeyman MiFi)
 15938 | Lair:4   | Reached skill level 16 in Conjurations
 15959 | Lair:4   | Gained mutation: Your large and strong wings let you fly.
                  | [Gargoyle growth]
 15959 | Lair:4   | Reached XP level 14. HP: 88/88 MP: 18/26
 16059 | Lair:4   | Reached skill level 5 in Armour
 16060 | Lair:4   | Found a gate leading to a gauntlet.
 16071 | Lair:4   | Offered knowledge of Orb of Destruction by Vehumet.
 16083 | Lair:4   | Learned a level 7 spell: Orb of Destruction
 16088 | Gauntlet | Entered a Gauntlet
 16088 | Gauntlet | Found a transporter.
 16150 | Gauntlet | Found a transporter.
 16152 | Gauntlet | Found a transporter.
 16171 | Gauntlet | Found a transporter.
 16180 | Gauntlet | Found a transporter.
 16197 | Gauntlet | Found a transporter.
 16206 | Gauntlet | Found a runed translucent gate.
 16207 | Gauntlet | Found a transporter.
 16207 | Gauntlet | Found a runed translucent gate.
 16208 | Gauntlet | Found a runed translucent gate.
 16214 | Gauntlet | Found a runed translucent door.
 16218 | Gauntlet | Found a transporter.
 16221 | Gauntlet | Found a transporter.
 16221 | Gauntlet | Noticed a reaper
 16237 | Gauntlet | Found a transporter.
 16246 | Gauntlet | Found a transporter.
 16251 | Gauntlet | Found a transporter.
 16456 | Gauntlet | Identified the +0 pair of boots "Zaffisso" {rCorr Int+5}
 16526 | Gauntlet | Identified the +8 pearl dragon scales "Myruggiu" {rN+
                  | Will+}
 16613 | Gauntlet | Identified the +0 robe of Xom, Screaming {Int+6}
 17749 | Lair:5   | Entered Level 5 of the Lair of Beasts
 17988 | Lair:5   | Reached skill level 5 in Staves
 17994 | Lair:5   | Reached skill level 5 in Stealth
 18120 | Lair:5   | Noticed Sonja
 18121 | Lair:5   | Killed Sonja
 18122 | Lair:5   | Reached skill level 5 in Evocations
 18528 | Lair:5   | Offered knowledge of Eringya's Noxious Bog by Vehumet.
 18870 | Lair:5   | Found a runed translucent door.
 18871 | Lair:5   | Noticed an azure jelly
 18872 | Lair:5   | Noticed an azure jelly
 18873 | Lair:5   | Found a staircase to the Slime Pits.
 19004 | Lair:5   | Reached XP level 15. HP: 92/92 MP: 27/27
 19077 | Lair:5   | Identified the +2 leather armour of Hedge Wizardry {rN+}
 19450 | Lair:3   | Learned a level 2 spell: Blink
 19739 | Lair:3   | Reached skill level 1 in Translocations
 19815 | Lair:3   | Found a staircase to the Swamp.
 19835 | Lair:3   | Killed Gesaczie's ghost
 20465 | D:12     | Reached ****** piety under Vehumet
 20515 | D:12     | You are sucked into a shaft and drop 2 floors!
 20535 | D:13     | Found a portal to a secret trove of treasure.
 20922 | D:13     | Found a frozen archway.
 20942 | IceCv    | Entered an ice cave
 21228 | IceCv    | Noticed a frost giant
 21229 | IceCv    | Offered knowledge of Irradiate by Vehumet.
 21233 | IceCv    | Killed a frost giant
 21380 | IceCv    | Learned a level 5 spell: Irradiate
 22017 | D:12     | Reached skill level 1 in Transmutations
 22125 | D:12     | Identified the +5 whip "Zanila Ejoeh" {venom, rElec Str+2
                  | Dex+7}
 23411 | D:14     | Found a gate to the Vaults.
 23584 | D:14     | Reached XP level 16. HP: 88/97 MP: 29/29
 23672 | D:14     | Offered knowledge of Freezing Cloud by Vehumet.
 23712 | D:14     | Identified the +9 long sword "Xailasaa" {heavy, rCorr Str-3
                  | Dex+3}
 23811 | D:14     | Found Neugoorgh's General Store.
 23814 | D:14     | Bought a scroll of teleportation for 48 gold pieces
 23914 | D:15     | Entered Level 15 of the Dungeon
 24346 | D:15     | Found Idytzew's General Store.
 24514 | D:15     | Found a staircase to the Depths.
 24596 | D:15     | Noticed pokeman's ghost (journeyman DEHW)
 24599 | D:15     | Found a transporter.
 24604 | D:15     | Found a transporter.
 24628 | D:15     | Reached skill level 5 in Transmutations
 24853 | Orc:1    | Entered Level 1 of the Orcish Mines
 25057 | Orc:2    | Entered Level 2 of the Orcish Mines
 25224 | Orc:2    | Found Timaf's Book Shoppe.
 25229 | Orc:2    | Offered knowledge of Conjure Ball Lightning by Vehumet.
 25259 | Orc:2    | Found Puzy's Antique Weapon Boutique.
 25457 | Orc:2    | Found Coefri's Armour Shoppe.
 25457 | Orc:2    | Found Ibamem's Assorted Antiques.
 25547 | Orc:2    | Found a staircase to the Elven Halls.
 25852 | Orc:2    | Found a bloodstained altar of Trog.
 26161 | Swamp:1  | Entered Level 1 of the Swamp
 26206 | Swamp:1  | Reached skill level 10 in Staves
 26372 | Swamp:1  | Noticed a fenstrider witch
 26376 | Swamp:1  | Killed a fenstrider witch
 26386 | Swamp:1  | Reached skill level 10 in Armour
 27062 | Swamp:2  | Reached skill level 10 in Evocations
 27353 | Swamp:3  | Offered knowledge of Lehudib's Crystal Spear by Vehumet.
 27353 | Swamp:3  | Offered knowledge of Polar Vortex by Vehumet.
 27353 | Swamp:3  | Offered knowledge of Ignition by Vehumet.
 27354 | Swamp:3  | Reached XP level 17. HP: 102/102 MP: 30/30
 28239 | Swamp:4  | Entered Level 4 of the Swamp
 28243 | Swamp:4  | Reached skill level 10 in Spellcasting
 28430 | Swamp:4  | Reached skill level 5 in Dodging
 28462 | Swamp:4  | Got a decaying rune of Zot
 28815 | Swamp:4  | Learned a level 8 spell: Lehudib's Crystal Spear
 28920 | Spider:1 | Entered Level 1 of the Spider Nest
 29118 | D:9      | Bought a ring of see invisible for 225 gold pieces
 29316 | Spider:1 | Reached skill level 1 in Earth Magic
 29332 | Spider:1 | Reached XP level 18. HP: 107/107 MP: 23/33
 30240 | Spider:2 | Reached skill level 5 in Earth Magic
 31531 | Spider:3 | Found a transporter.
 31531 | Spider:3 | Noticed Tueseddi's ghost (adept OpCj)
 32189 | Spider:3 | Identified the +3 ring mail of the Equator {Int+2}
 32220 | Spider:3 | Found a transporter.
 32369 | Spider:4 | Entered Level 4 of the Spider Nest
 32883 | Spider:4 | Reached skill level 17 in Conjurations
 32891 | Spider:4 | Reached XP level 19. HP: 102/112 MP: 2/35
 33439 | Spider:4 | Identified the +0 hat of the Thinker {Rampage Drain Will++
                  | Stlth+}
 33459 | Spider:4 | Got a gossamer rune of Zot
 33877 | Vaults:1 | Entered Level 1 of the Vaults
 34558 | Vaults:1 | Found Omudul's Book Shop.
 34563 | Vaults:1 | Bought a book of Annihilations for 780 gold pieces
 34635 | Vaults:1 | Identified the +0 pair of gloves of Weightlessness {Str+2}
 34751 | Vaults:1 | Reached skill level 10 in Earth Magic
 35581 | Vaults:2 | Reached skill level 10 in Dodging
 35638 | Vaults:2 | Reached skill level 18 in Conjurations
 35668 | Vaults:2 | Found a staircase to the Crypt.
 35673 | Vaults:2 | Noticed Mennas
 36260 | Vaults:2 | Reached XP level 20. HP: 75/117 MP: 29/36
 36544 | Vaults:2 | Killed Mennas
 36545 | Vaults:2 | Reached skill level 19 in Conjurations
 36561 | Vaults:2 | Noticed Nikola
 36568 | Vaults:2 | Killed Nikola
 37953 | Vaults:3 | Identified the +0 scale mail "Caisooso" {Harm Fly rF- rN++}
 38344 | Vaults:3 | Reached skill level 20 in Conjurations
 38414 | Vaults:3 | Found the +18 shield of the Gong {Loud rN+ Will+ rCorr
                  | EV-5}
 38576 | Vaults:4 | Noticed Xtahua
 38587 | Vaults:4 | Killed Xtahua
 38588 | Vaults:4 | Reached skill level 15 in Earth Magic
 39080 | Vaults:4 | Noticed Jory
 39087 | Vaults:4 | Killed Jory
 39391 | Vaults:4 | Reached XP level 21. HP: 116/122 MP: 16/37
 40009 | Vaults:4 | Learned a level 8 spell: Ignition
 40503 | D:1      | Bought a scroll of amnesia for 56 gold pieces
 40822 | Depths:1 | Entered Level 1 of the Depths
 41101 | Depths:1 | Found a hide-covered altar of Uskayaw.
 41120 | Depths:1 | Paralysed by a sphinx for 2 turns
 41233 | Depths:1 | Found an ancient bone altar of Kikubaaqudgha.
 41589 | Depths:1 | Found a gateway to Hell.
 42432 | Depths:2 | Reached skill level 15 in Fire Magic
 42830 | Depths:2 | Reached XP level 22. HP: 124/126 MP: 25/38
 43662 | Depths:2 | Found a one-way gateway to a ziggurat.
 43670 | Depths:2 | Identified the +0 leather armour "Lazayph" {Harm Dex+4}
 43673 | Depths:2 | Reached XP level 23. HP: 132/132 MP: 40/40
 43674 | Depths:2 | Identified the +1 falchion of Royalism {venom, Will+}
 43687 | Depths:2 | Noticed a juggernaut
 43693 | Depths:2 | Killed a juggernaut
 44059 | Depths:2 | Found a one-way gate leading to the halls of Pandemonium.
 44379 | Depths:2 | Learned a level 9 spell: Fire Storm
 44656 | Vaults:5 | Entered Level 5 of the Vaults
 44895 | Vaults:5 | Reached XP level 24. HP: 102/140 MP: 41/41
 45082 | Vaults:5 | Identified the ring "Buclatut" {rN+ Dex+5}
 45088 | Vaults:5 | Reached skill level 21 in Conjurations
 45573 | Vaults:5 | Identified the +1 quarterstaff "Giantbane" {flame, Fragile
                  | rElec rPois Str+3 Dex+7}
 45609 | Vaults:5 | Found Ekekurox's Book Boutique.
 45613 | Vaults:5 | Identified the +4 bardiche "Wiuttaukk" {venom, +Blink rC-
                  | Dex+2}
 45750 | Vaults:5 | Found Garidiol's Armour Shoppe.
 45810 | Vaults:5 | Noticed an ancient lich
 45814 | Vaults:5 | Killed an ancient lich
 45853 | Vaults:5 | Got Sif Muna's Treatise on Meteoric Congelation
 45869 | Vaults:5 | Identified the +10 quarterstaff "Jasoem Oseg" {pain, rPois
                  | rF- Int+2}
 45973 | Vaults:5 | Got a silver rune of Zot
 46324 | Vaults:5 | Noticed an ancient lich
 46328 | Vaults:5 | Killed an ancient lich
 47084 | Elf:1    | Entered Level 1 of the Elven Halls
 47659 | Elf:1    | Noticed Frances
 47663 | Elf:1    | Killed Frances
 47961 | Elf:1    | Found a runed translucent gate.
 47961 | Elf:1    | Found a runed translucent gate.
 47961 | Elf:1    | Found a runed translucent gate.
 47961 | Elf:1    | Found a runed translucent gate.
 47961 | Elf:1    | Found a runed translucent gate.
 47962 | Elf:1    | Found a runed translucent gate.
 48099 | Elf:1    | Reached skill level 22 in Conjurations
 48535 | Elf:2    | Reached XP level 25. HP: 152/152 MP: 33/41
 48915 | Elf:2    | Found a runed translucent gate.
 48917 | Elf:2    | Found a runed translucent gate.
 48917 | Elf:2    | Found a runed translucent gate.
 49222 | Elf:3    | Entered Level 3 of the Elven Halls
 49370 | Elf:3    | Found a large runed translucent door.
 49370 | Elf:3    | Found a large runed translucent door.
 49372 | Elf:3    | Noticed RepHenryClay's ghost (veteran GrDe)
 49413 | Elf:3    | Noticed Saint Roka
 49418 | Elf:3    | Killed Saint Roka
 49474 | Elf:3    | Found Xabarec's Book Shop.
 49668 | Elf:3    | Noticed Louise
 49671 | Elf:3    | Killed Louise
 49913 | Elf:3    | Reached skill level 15 in Fighting
 50057 | Elf:3    | Identified the +11 battleaxe of Fiefoura {freeze, rN+
                  | Int+4}
 50153 | Elf:3    | Identified the +7 demon trident of the Revolution {freeze,
                  | *Rage rElec rC+++ rCorr}
 50270 | Elf:3    | Identified the +6 trident "Lij Ser" {freeze, Drain rF-
                  | rN+++ Int+4}
 50275 | Elf:3    | Found the +8 Vampire's Tooth {megavamp}
 50345 | Elf:3    | Identified the ring "Ucurub" {Fire Dex+3}
 50353 | Elf:3    | Identified the +4 whip "Worm" {freeze, Will++}
 50366 | Elf:3    | Identified the +0 short sword "Aduach" {flame, rPois}
 50371 | Elf:3    | Identified the ring "Poptatah" {rElec Will+ rCorr MP+9
                  | Int+3}
 50407 | Elf:3    | Got the Compendium of Shocking Sidekicks
 50522 | Elf:3    | Identified the +2 whip "Osky" {protect, Will++ Int+4}
 51329 | Depths:3 | Reached skill level 23 in Conjurations
 51353 | Depths:3 | Identified the +5 short sword "Votoquts" {heavy, Str+2}
 51710 | Depths:3 | Found a shimmering blue altar of Sif Muna.
 51875 | Depths:3 | Got Upla's Verses on the Rocky Commander
 52094 | Depths:3 | Upgraded the game from 0.31-a0-466-g98c9adc2b6 to
                  | 0.31-a0-473-g61b50ae490
 52095 | Depths:4 | Entered Level 4 of the Depths
 52098 | Depths:4 | Found Jakh's One-of-a-Kind Rings.
 52552 | Depths:4 | Reached XP level 26. HP: 161/161 MP: 41/41
 52639 | Depths:4 | Noticed a juggernaut
 52656 | Depths:4 | Killed a juggernaut
 52710 | Depths:4 | Found Puliq's Jewellery Emporium.
 52710 | Depths:4 | Found Suwnem's Book Shop.
 52711 | Depths:4 | Found Raotwarent's Book Shop.
 52724 | Depths:4 | Bought a book of Power for 714 gold pieces
 52831 | Depths:4 | Noticed Grunn
 52835 | Depths:4 | Killed Grunn
 52836 | Depths:4 | Reached skill level 15 in Spellcasting
 52958 | Depths:4 | Found a gate to the Realm of Zot.
 53569 | Crypt:1  | Entered Level 1 of the Crypt
 54164 | Crypt:1  | Learned a level 7 spell: Spellforged Servitor
 54356 | Crypt:1  | Reached skill level 1 in Summonings
 54412 | Crypt:2  | Found a transporter.
 54430 | Crypt:2  | Noticed an ancient lich
 54860 | Crypt:2  | Found a transporter.
 55097 | Crypt:3  | Entered Level 3 of the Crypt
 55478 | Crypt:3  | Noticed a dread lich
 55482 | Crypt:3  | Killed a dread lich
 55485 | Crypt:3  | Found an ancient bone altar of Kikubaaqudgha.
 55569 | Crypt:3  | Identified the ring of Jawk {rElec rF+ rN+ Stlth+}
 55569 | Crypt:3  | Identified the ring "Goampuce" {rF+ rC+++ rN+ Slay+2
                  | Stlth-}
 55915 | Crypt:3  | Found a staircase to the Tomb.
 56321 | Crypt:3  | Got Ereshkigal's Handbook of the Undead
 56717 | Depths:1 | Voluntarily entered the Abyss.
 56717 | Abyss:1  | Found a corrupted altar of Lugonu.
 56718 | Abyss:1  | Found a shimmering blue altar of Sif Muna.
 56731 | Abyss:1  | Found a corrupted altar of Lugonu.
 56896 | Abyss:2  | Found a corrupted altar of Lugonu.
 56911 | Abyss:3  | Reached skill level 24 in Conjurations
 56955 | Abyss:3  | Found a corrupted altar of Lugonu.
 57019 | Abyss:3  | Found a corrupted altar of Lugonu.
 57106 | Abyss:3  | Found a corrupted altar of Lugonu.
 57178 | Abyss:3  | Reached skill level 5 in Summonings
 57308 | Abyss:3  | Reached XP level 27. HP: 157/166 MP: 41/43
 57328 | Abyss:3  | Found a glowing golden altar of the Shining One.
 57353 | Abyss:3  | Noticed a juggernaut
 57356 | Abyss:3  | Killed a juggernaut
 57361 | Abyss:3  | Got an abyssal rune of Zot
 57384 | Abyss:3  | Gained mutation: Potions are less effective at restoring
                  | your health. [a shining eye]
 57518 | Abyss:3  | Found a corrupted altar of Lugonu.
 57762 | Depths:1 | Escaped the Abyss
 58072 | Slime:1  | Entered Level 1 of the Pits of Slime
 58087 | Slime:1  | Reached skill level 15 in Dodging
 58131 | Slime:1  | Gained mutation: You are vulnerable to cold. (rC-) [a
                  | shining eye]
 58483 | Slime:5  | Entered Level 5 of the Pits of Slime
 58501 | Slime:5  | Noticed the Royal Jelly
 58911 | Slime:5  | Killed the Royal Jelly
 58912 | Slime:5  | Reached skill level 25 in Conjurations
 58945 | Slime:5  | Identified the amulet of the Barnacle {Reflect Fly Str+2
                  | Int+3 SH+5}
 58948 | Slime:5  | Identified the ring "Yxyhanusee" {rElec EV+5 Str+2}
 59149 | Slime:5  | Got the Directory of Profane Liturgies
 59249 | Slime:5  | Got the Verses on the Shot
 59262 | Slime:5  | Identified the +4 battleaxe of Contradiction {flame, rC+
                  | Str+3}
 59341 | Slime:5  | Identified the +4 scale mail "Wuklostryo" {Rampage rPois}
 59351 | Slime:5  | Got a slimy rune of Zot
 59375 | Slime:5  | Identified the +2 plate armour "Lag Peil" {rF+}
 59378 | Slime:5  | Identified the +5 dagger of Fee Simple {drain, *Noise *Slow
                  | rCorr Int+8}
 59494 | Slime:5  | Identified the +9 short sword "Zeumnuot" {flame, Fragile
                  | rN++}
 60177 | Depths:4 | Bought a talisman of death for 1364 gold pieces
 60490 | D:13     | You paid a toll of +4 storm dragon scales to enter a
                  | treasure trove
 60491 | Trove    | Entered a treasure trove
 60498 | Trove    | Identified the +0 pair of boots of Toutoec {rPois rN+}
 60501 | Trove    | Identified the +0 robe of Watchfulness {rPois rF+ rC+
                  | Slay-5}
 60746 | Zig:1    | Entered Level 1 of a ziggurat
 60757 | Zig:1    | Reached skill level 1 in Shapeshifting
 60858 | Zig:2    | Entered Level 2 of a ziggurat
 60858 | Zig:2    | Noticed a royal mummy
 60864 | Zig:2    | Killed a royal mummy
 60892 | Zig:3    | Entered Level 3 of a ziggurat
 60918 | Zig:4    | Entered Level 4 of a ziggurat
 60947 | Zig:5    | Entered Level 5 of a ziggurat
 60989 | Zig:6    | Entered Level 6 of a ziggurat
 61051 | Zig:6    | Identified the +1 pair of gloves "Ludyics" {rElec Will-
                  | Str+5 Stlth+}
 61056 | Zig:7    | Entered Level 7 of a ziggurat
 61089 | Zig:8    | Entered Level 8 of a ziggurat
 61124 | Zig:8    | Identified the +5 scimitar of Trog, Conjuring {antimagic,
                  | Drain rPois Int-3 Stlth+}
 61128 | Zig:9    | Entered Level 9 of a ziggurat
 61135 | Zig:9    | Noticed Kym Jezabe the pandemonium lord
 61141 | Zig:9    | Killed Kym Jezabe the pandemonium lord
 61192 | Zig:9    | Reached skill level 5 in Shapeshifting
 61208 | Zig:10   | Entered Level 10 of a ziggurat
 61244 | Zig:10   | Identified the ring "Biuq" {rElec rPois rC- rCorr SInv}
 61260 | Zig:10   | Identified the +1 ring mail "Oboimiof" {rN+++ Str-3 Int+4
                  | Dex-2}
 61265 | Zig:11   | Entered Level 11 of a ziggurat
 61288 | Zig:11   | Killed an ancient lich
 61294 | Zig:11   | Identified the ring of Ligh {rF+ Dex+2}
 61302 | Zig:11   | Lost mutation: Potions are less effective at restoring your
                  | health. [potion of mutation]
 61302 | Zig:11   | Lost mutation: You are vulnerable to cold. (rC-) [potion of
                  | mutation]
 61302 | Zig:11   | Gained mutation: You sometimes lose your temper in combat.
                  | [potion of mutation]
 61302 | Zig:11   | Gained mutation: Your muscles are strong. (Str +4, Int/Dex
                  | -1) [potion of mutation]
 61302 | Zig:11   | Gained mutation: You are somewhat resistant to further
                  | mutation. [potion of mutation]
 61303 | Zig:11   | Lost mutation: You sometimes lose your temper in combat.
                  | [potion of mutation]
 61303 | Zig:11   | Lost mutation: You are somewhat resistant to further
                  | mutation. [potion of mutation]
 61303 | Zig:11   | Lost mutation: Your muscles are strong. (Str +4, Int/Dex
                  | -1) [potion of mutation]
 61303 | Zig:11   | Gained mutation: You are partially covered in iridescent
                  | scales. (AC +2) [potion of mutation]
 61303 | Zig:11   | Gained mutation: You passively dampen the noise of your
                  | surroundings. [potion of mutation]
 61308 | Zig:11   | Identified the +7 flail of the Heavens {drain, rC- Str+5}
 61314 | Zig:12   | Entered Level 12 of a ziggurat
 61481 | Zig:12   | Identified the staff of the Sage {Int+2 Conj}
 61499 | Zig:13   | Entered Level 13 of a ziggurat
 61539 | Zig:13   | Identified the ring of the Original Sin {rPois MP+9 Int+3
                  | Stlth+}
 61551 | Zig:13   | Identified the ring "Iteabbed" {rF+ rN+}
 61555 | Zig:13   | Identified the +7 great mace "Xyezo" {speed, rPois Will+
                  | Int-2 Dex+8}
 61564 | Zig:14   | Entered Level 14 of a ziggurat
 61580 | Zig:15   | Entered Level 15 of a ziggurat
 61675 | Zig:15   | Noticed a juggernaut
 61679 | Zig:15   | Killed a juggernaut
 61680 | Zig:15   | Reached skill level 10 in Shapeshifting
 61687 | Zig:15   | Noticed a juggernaut
 61692 | Zig:15   | Killed a juggernaut
 61721 | Zig:15   | Identified the +6 morningstar "Masapp" {pain, rCorr Str+3
                  | Dex+2}
 61724 | Zig:16   | Entered Level 16 of a ziggurat
 61792 | Zig:16   | Got the Vademecum on Doomed Production
 61793 | Zig:16   | Identified the staff of the Mashing Fox {rF+ Str+3 Earth}
 61794 | Zig:16   | Identified the staff "Umotigeu" {Fragile Will+ Conj Poison}
 61798 | Zig:16   | Got Sif Muna's Parchment of Alluring Shapeshifting
 61807 | Zig:16   | Identified the staff of Disintegration {rElec Will- rCorr
                  | Int+2 Conj}
 61810 | Zig:17   | Entered Level 17 of a ziggurat
 61854 | Zig:17   | Found the +8 Wrath of Trog {antimagic, *Rage Rampage}
 61863 | Zig:17   | Identified the staff of Kindness {Drain rElec Str+6 Int+3
                  | Air}
 61867 | Zig:17   | Identified the +5 scale mail "Tigg" {Dex+4}
 61871 | Zig:17   | Identified the ring "Zuqocep" {rPois Int+4 Dex-5 SInv}
 61882 | Zig:17   | Identified the ring of the Suburbs {Drain rF+ AC+4 Slay+4}
 61901 | Zig:18   | Entered Level 18 of a ziggurat
 61972 | Zig:18   | Identified the amulet "Ticowof" {Reflect rC+ rCorr SH+5}
 61975 | Zig:18   | Identified the ring "Reety" {MP-9 Dex+4 SInv}
 61987 | Zig:19   | Entered Level 19 of a ziggurat
 62009 | Zig:19   | Reached skill level 15 in Shapeshifting
 62135 | Zig:19   | Identified the +0 helmet "Xeoric" {*Corrode Int+4}
 62161 | Zig:20   | Entered Level 20 of a ziggurat
 62246 | Zig:20   | Noticed a royal mummy
 62246 | Zig:20   | Noticed a royal mummy
 62248 | Zig:20   | Noticed a royal mummy
 62249 | Zig:20   | Killed a royal mummy
 62249 | Zig:20   | Killed a royal mummy
 62249 | Zig:20   | Killed a royal mummy
 62250 | Zig:20   | Killed a royal mummy
 62252 | Zig:20   | HP: 7/166 [something (10)]
 62252 | Zig:20   | Noticed a royal mummy
 62253 | Zig:20   | Noticed a royal mummy
 62261 | Zig:20   | Killed a royal mummy
 62261 | Zig:20   | Noticed a royal mummy
 62263 | Zig:20   | Killed a royal mummy
 62265 | Zig:20   | Killed a royal mummy
 62265 | Zig:20   | Killed by a royal mummy's death curse

Illustrated notes

Levels and vault maps discovered:
D:1:      sevenhm_arrival_forest_fort_small_6, layout_rooms, serial_shops, shop,
          shop, shop, shop, due_unseen_surprise
D:2:      layout_loops_cross, uniq_sigmund, uniq_crazy_yiuf_cottage, uniq_robin
D:3:      layout_loops_ring, fedhas_altar_4,
          shapermc_ecumenical_altar_mp_urbaneastern
D:4:      layout_rooms, grunt_dithmenos_smoke_and_mirrors, zin_academy,
          uniq_eustachio
D:5:      layout_gridville, minmay_temple_entry_tees, water_maze_lemuel,
          uniq_edmund, uniq_menkaure
D:6:      layout_rooms, lemuel_doored_altar, gammafunk_ghost_abyssal_escape
D:7:      layout_gridville, nicolae_overflow_crystal_walls, enter_bailey_3,
          minmay_manual_moon
D:8:      layout_rooms, mainiacjoe_overflow_alcove_1, kennysheep_potato,
          uniq_erica
D:9:      layout_loops_corners, tso_oasis_becter,
          nicolae_elyvilon_peaceful_grove, serial_shops, shop
D:10:     layout_loops_ring, doesnt_xom_only_xom, chei_slow_surprise,
          gammafunk_ghost_cemetery, roderic_batcave
D:11:     layout_rooms, erik_lair_island, david_orc_3,
          nicolae_elevator_lobby_plus
D:12:     layout_roguey, serial_glass, glass_columns_b, glass_columns_a,
          minmay_misc_feat_diagonals
D:13:     layout_stronghold, portal_ice_cave_rime, enter_trove_2
D:14:     layout_loops_ring, grunt_vaults_entry_fortified,
          grunt_decor_arrowhead, serial_shops, nicolae_shop_real_fake_doors
D:15:     hangedman_depths_entry_civil_slaughter, layout_cave_pools,
          gammafunk_ghost_hive, serial_shops, shop
Temple:   hellmonk_temple_forest_ring
Lair:1:   layout_layer_cave, serial_bayou_shore_a, uniq_urug
Lair:2:   layout_cave_pods, gammafunk_ghost_berserking_beasts,
          grunt_megastairs_3
Lair:3:   layout_misc_corridors, nicolae_swamp_entry_splash_gauntlet,
          hellmonk_spider_entry_life_and_decay, gammafunk_ghost_icy,
          uniq_josephine
Lair:4:   layout_hall_layers, gauntlet_entry_generic,
          cheibrodos_lair_reptile_den, grunt_megastairs_5
Lair:5:   hangedman_lair_tendril_chambers, layout_cave_pods, slime_entry_2,
          serial_bayou_pond_a, serial_bayou_shore_b, uniq_sonja
Swamp:1:  layout_falls_marsh, evilmike_swamp_ruin_house_4
Swamp:2:  layout_basic_swamp, evilmike_swamp_ruin_house_3,
          hangedman_swamp_lotus, swamp_pool5
Swamp:3:  nicolae_swamp_phyte_club, layout_basic_swamp,
          nicolae_swamp_fairy_circle, swamp_pool1, st_swamp_ruins_3
Swamp:4:  swamp, layout_basic_swamp
Spider:1: layout_spider_delve
Spider:2: layout_chambers, drop_trap
Spider:3: layout_spider_delve, gammafunk_ghost_arena
Spider:4: grunt_spider_rune_parallel, hellmonk_spider_spawner
Slime:1:  layout_caves, cheibrodos_slime_lost_civilization_5
Slime:2:  cheibrodos_slime_lost_civilization_1, layout_caves
Slime:3:  layout_caves
Slime:4:  layout_caves
Slime:5:  slime_pit_nicolae_inversion
Orc:1:    layout_diamond_mine, serial_shops, nicolae_shop_hallway_stairs
Orc:2:    st_orc_town, layout_diamond_mine, basic_altar, abandoned_shop
Elf:1:    nicolae_elf_arrival_aired_out, layout_geoelf_grid, orc_legates,
          uniq_frances
Elf:2:    nicolae_elf_blades_crystal_corner, layout_onion_city,
          einodemon_armed_red_devil_minivault
Elf:3:    minmay_elf_hall_hex, layout_loops_corners,
          ebering_ghost_disaster_area, serial_shops, shop, st_stairs_8,
          uniq_louise, uniq_saint_roka
Vaults:1: grunt_vaults_funnel, nicolae_vaults_apartment_2,
          nicolae_vaults_offset_grid_hallway_1, nicolae_vaults_swerve,
          nicolae_vaults_more_shelving_1, v_misc_26,
          nicolae_vaults_network_square, nicolae_vaults_trapezoid_4,
          nicolae_vaults_storage_closets_1, vaults_room_fours,
          ontoclasm_vaults_pinch, v_alt_pattern_1, layout_vaults_omnigrid,
          serial_shops, shop_fountains
Vaults:2: minmay_crypt_entry_simple_sparse, vaults_dpeg_diagonal,
          nicolae_vaults_minivaults, nicolae_vaults_network_periphery,
          ontoclasm_vaults_ligature, v_misc_2,
          nicolae_vaults_heart-shaped_vault, grunt_vaults_diagonal,
          nicolae_vaults_two_Ls, hangedman_vaults_maws,
          nicolae_vaults_storage_closets_2, nicolae_vaults_closet_pinwheel_4,
          nicolae_vaults_tetromino_Z_1, layout_vaults_maze_snakey, uniq_mennas,
          uniq_nikola
Vaults:3: nicolae_vaults_trapezoid_lopsided_1,
          nicolae_vaults_trapezoid_lopsided_3, grunt_vaults_focal,
          hellmonk_guarded_unrand_gong, vaults_room_pools,
          hangedman_vaults_stretched_pinwheel, nicolae_vaults_gold_heap,
          layout_vaults_big_room
Vaults:4: nicolae_vaults_circle_grid_b, hangedman_vaults_slice,
          grunt_vaults_swirl, hangedman_vaults_corner_blocks,
          nicolae_vaults_trapezoid_lopsided_1, nicolae_vaults_prndl,
          nicolae_vaults_network_star, ontoclasm_vaults_decontamination,
          vaults_standard_mumra_enter_the_diamond,
          nicolae_vaults_variable_pillar_hall,
          nicolae_vaults_offset_grid_hallway_4, nicolae_vaults_three_branches,
          vaults_room_glass_cross, vaults_mumra_lcd, layout_vaults_ring,
          uniq_xtahua, uniq_jory
Vaults:5: serial_shops
Crypt:1:  layout_basic, grunt_crypt_arrival_split
Crypt:2:  gammafunk_the_bubble [the_bubble_gammafunk_grid],
          layout_misc_corridors, skrybe_necro_troll_1
Crypt:3:  cryptofortress_bobbens
Depths:1: grunt_deathspiral_small, layout_cave_pools, abyss_entry,
          nicolae_kikubaaqudgha_miasma_corner, hell_entry,
          chequers_serial_rivers_large_a, hex_tiny, drop_trap,
          dancing_weapons_uskayaw
Depths:2: lemuel_river_lethe, hell_entry, pan_entry
Depths:3: minmay_crystal_thing, layout_twisted_cross, abyss_entry, hell_entry,
          dpeg_stationary_puzzle
Depths:4: evilmike_zot_entry_argh, layout_gridville, hell_entry, serial_sigils,
          serial_sigils_hangedman_scratch, serial_sigils_hangedman_shear,
          serial_sigils_hangedman_scar, serial_sigils_hangedman_snap,
          serial_sigils_hangedman_quiver, pan_entry, nicolae_shop_unique_rings,
          minmay_shop_grove, uniq_grunn
Zig:20:   ziggurat_pillar_centre_dispersal, ziggurat_pillar_centre_dispersal,
          ziggurat_pillar_centre_dispersal, ziggurat_pillar_centre_dispersal

Skill      XL: |  1  2  3  4  5  6  7  8  9 10 11 12 13 14 15 16 17 18 19 20 21 22 23 24 25 26 27 |
---------------+----------------------------------------------------------------------------------+-----
Conjurations   | 5 6 7 9 11 12 13 15 16 17 18 20 22 23 24 25 | 25.4
Spellcasting   | 3 4 6 7 8 9 11 12 13 14 16 | 16.8
Hexes          | 2 3 4 5 7 |  7.0
Fighting       | 5 8 10 11 14 15 | 15.3
Fire Magic     | 4 7 9 10 11 16 17 18 19 20 21 22 | 22.9
Armour         | 1 4 5 8 10 | 10.0
Staves         | 3 6 8 11 12 | 12.0
Evocations     | 2 6 7 10 | 10.0
Stealth        | 6 |  6.0
Translocations | 4 |  4.4
Transmutations | 3 6 |  6.0
Dodging        | 6 8 10 12 13 15 | 15.8
Earth Magic    | 1 8 12 15 | 15.0
Summonings     | 5 6 |  6.0
Shapeshifting  | 16 | 16.0

Action                     |  1- 3 |  4- 6 |  7- 9 | 10-12 | 13-15 | 16-18 | 19-21 | 22-24 | 25-27 || total
---------------------------+-------+-------+-------+-------+-------+-------+-------+-------+-------++-------
  Melee: Short sword       |    19 |       |       |       |       |       |       |       |       ||    19
         Dagger            |     6 |    69 |       |       |       |       |       |       |       ||    75
         Punch             |       |     1 |       |       |       |       |       |       |       ||     1
         Quarterstaff      |       |     1 |    36 |       |       |       |       |       |       ||    37
         Flail             |       |       |   149 |   193 |    23 |       |       |       |       ||   365
         Staff             |       |       |       |       |   245 |   474 |   253 |    89 |   437 ||  1498
   Cast: Magic Dart        |    47 |    29 |    45 |    45 |     1 |       |       |       |       ||   167
         Searing Ray       |     1 |     9 |    45 |   108 |     2 |       |       |       |       ||   165
         Fulminant Prism   |       |       |     1 |    39 |    12 |     7 |       |       |       ||    59
         Fireball          |       |       |       |       |   193 |   158 |   132 |    91 |    86 ||   660
         Starburst         |       |       |       |       |    92 |   210 |   323 |    71 |    14 ||   710
         Orb of Destructio |       |       |       |       |    13 |     9 |    15 |       |     2 ||    39
         Irradiate         |       |       |       |       |       |    11 |     5 |     1 |       ||    17
         Lehudib's Crystal |       |       |       |       |       |       |    10 |    39 |   119 ||   168
         Ignition          |       |       |       |       |       |       |       |    73 |   188 ||   261
         Fire Storm        |       |       |       |       |       |       |       |     2 |   225 ||   227
         Spellforged Servi |       |       |       |       |       |       |       |       |    28 ||    28
         Blink             |       |       |       |       |       |       |       |       |     3 ||     3
  Evoke: Wand              |       |       |       |     7 |       |       |       |       |       ||     7
         Lightning rod     |       |       |       |       |       |       |     4 |       |       ||     4
    Use: Scroll            |     2 |     6 |    11 |     4 |    11 |     4 |     4 |     4 |    15 ||    61
         Potion            |       |       |     1 |     1 |     1 |     1 |     3 |     2 |    12 ||    21
   Stab: Sleeping          |     1 |       |     1 |       |       |       |     1 |       |     1 ||     4
         Invisible         |       |       |       |     2 |       |       |       |       |       ||     2
         Distracted        |       |       |       |       |       |     1 |       |       |     1 ||     2
 Armour: Robe              |     6 |       |       |       |       |       |       |       |       ||     6
         Leather armour    |     3 |    40 |     7 |       |       |       |       |       |       ||    50
         Scale mail        |       |       |   242 |   348 |   226 |   552 |   283 |   173 |   395 ||  2219
  Dodge: Dodged            |    22 |    46 |   247 |   381 |   157 |   343 |   197 |   125 |   247 ||  1765

Table legend: (Time is in decaauts)
 A = Elapsed time spent in this place.
 B = Non-inter-level travel time spent in this place.
 C = Inter-level travel time spent in this place.
 D = Time resting spent in this place.
 E = Time spent auto-exploring this place.
 F = Levels seen in this place.
 G = Mean time per level.
                   A        B        C        D        E       F      G
               +--------+--------+--------+--------+--------+-----+--------+
         Total |  62041 |  55542 |   6499 |   8670 |  32406 |  79 |  785.3 |
       Dungeon |  17606 |  14708 |   2898 |   1685 |   9791 |  15 | 1173.7 |
        Temple |     37 |      2 |     35 |      0 |      0 |   1 |   37.0 |
          Lair |   8436 |   7419 |   1017 |   1127 |   4869 |   5 | 1687.2 |
         Swamp |   2593 |   2455 |    138 |    104 |   1658 |   4 |  648.2 |
   Spider Nest |   4241 |   4081 |    160 |    576 |   2687 |   4 | 1060.2 |
    Slime Pits |   1658 |   1563 |     95 |    437 |    463 |   5 |  331.6 |
  Orcish Mines |   1258 |   1076 |    182 |     84 |    685 |   2 |  629.0 |
   Elven Halls |   3744 |   3630 |    114 |    300 |   2544 |   3 | 1248.0 |
        Vaults |   8728 |   7845 |    883 |   1613 |   4858 |   5 | 1745.6 |
         Crypt |   2920 |   2803 |    117 |    191 |   1838 |   3 |  973.3 |
        Depths |   6361 |   5504 |    857 |   1521 |   2553 |   4 | 1590.2 |
         Abyss |    934 |    934 |      0 |     53 |      0 |   4 |  233.5 |
      Ziggurat |   1524 |   1524 |      0 |    484 |      0 |  20 |   76.2 |
         Trove |     85 |     85 |      0 |      0 |      0 |   1 |   85.0 |
        Bailey |    699 |    699 |      0 |    233 |     98 |   1 |  699.0 |
      Ice Cave |    675 |    675 |      0 |    136 |    273 |   1 |  675.0 |
      Gauntlet |    532 |    532 |      0 |    125 |     88 |   1 |  532.0 |
               +--------+--------+--------+--------+--------+-----+--------+

Top non-repeatable levels by time:
Vaults:1: 2204 daAuts
Depths:1: 2141 daAuts
Vaults:4: 2081 daAuts
Depths:2: 1984 daAuts
  Lair:1: 1952 daAuts
Vaults:2: 1890 daAuts
  Lair:3: 1853 daAuts
    D:14: 1733 daAuts
  Lair:5: 1733 daAuts
   Elf:3: 1551 daAuts
  Lair:2: 1537 daAuts
     D:9: 1525 daAuts
Spider:2: 1450 daAuts
     D:5: 1421 daAuts
Vaults:5: 1406 daAuts
